 Dungeon Crawl Stone Soup version 0.31-a0-177-g4aa6249778 (webtiles) character file.

Game seed: 4303151135402487735

37 qw the Shooter (level 3, -1/32 HPs)
             Began as a Naga Hunter on June 18, 2023.
             Succumbed to an adder's poison
             ... on level 2 of the Dungeon.
             The game lasted 00:00:22 (1168 turns).

qw the Shooter (Naga Hunter)                        Turns: 1168, Time: 00:00:23

Health: -1/32      AC:  3    Str: 13    XL:     3   Next: 39%
Magic:  3/3        EV:  9    Int:  9    God:
Gold:   132        SH:  0    Dex: 16    Spells: 2/2 levels left

rFire   . . .        Y - +0 shortbow
rCold   . . .        (shield currently unavailable)
rNeg    . . .        c - +0 leather armour
rPois   +            (no helmet)
rElec   .            (no cloak)
rCorr   .            g - +0 pair of gloves
SInv    +            (no barding)
Will    .....        (no amulet)
Stlth   ++           (no ring)
HPRegen 0.25/turn    (no ring)
MPRegen 0.08/turn

%: no passive effects
@: lethally poisoned (-1 -> -3), very slow
A: AC +1, large, see invisible, deformed body, poison resistance, slowness 2,
spit poison 1, naga tail 1
a: Spit Poison


You were on level 2 of the Dungeon.
You visited 1 branch of the dungeon, and saw 2 of its levels.

You collected 132 gold pieces.


Innate Abilities, Weirdness & Mutations

Your serpentine skin is tough. (AC +1)
You have supernaturally acute eyesight. (SInv)
Armour fits poorly on your strangely shaped body.
Your system is resistant to poisons. (rPois)
You cover ground very slowly.
You can spit poison.
You have a snake-like lower body.


   Skills:
 - Level 2.0 Fighting
 + Level 4.6 Ranged Weapons
 - Level 1.5 Dodging
 - Level 1.5 Stealth


You had 2 spell levels left.
You didn't know any spells.
Your spell library was empty.

Inventory:

Hand Weapons
 Y - a +0 shortbow (weapon)
Armour
 c - a +0 leather armour (worn)
 g - a +0 pair of gloves (worn)
Potions
 h - a potion of might {unknown}
 i - a potion of heal wounds {unknown}

Dungeon Overview and Level Annotations

Branches:
Dungeon (2/15)

Altars:

Shops:
D:1 :


Message History

The adder closely misses you. The adder bites you.
You shoot an arrow. The arrow closely misses the adder.
The adder bites you.
You shoot an arrow. The arrow closely misses the adder.
You have got your breath back.
The adder bites you but does no damage. The adder bites you.
You are poisoned.
The adder poisons you!
1161 ||| INVOKING Spit Poison.
Aiming: Spit Poison (2% risk of failure)
Press: ? - help, Shift-Dir - straight line, f/p - adder The splash of poison misses the adder.
You feel sick. The adder closely misses you.
You shoot an arrow.
The arrow hits the adder but does no damage.
The adder is severely wounded.
You feel sick. The adder bites you.
You are more poisoned.
The adder poisons you! The adder bites you.
You shoot an arrow. The arrow barely misses the adder.
You have got your breath back.
You feel very sick. The adder bites you.
1164 ||| INVOKING Spit Poison.
Aiming: Spit Poison (2% risk of failure)
Press: ? - help, Shift-Dir - straight line, f/p - adder You fail to use your ability.
You feel sick. The adder bites you. The adder bites you but does no damage.
1165 ||| INVOKING Spit Poison.
Aiming: Spit Poison (2% risk of failure)
Press: ? - help, Shift-Dir - straight line, f/p - adder The splash of poison misses the adder.
You feel sick. The adder bites you but does no damage.
You shoot an arrow. The arrow misses the adder.
You feel sick. The adder bites you. The adder bites you but does no damage.
You shoot an arrow. The arrow closely misses the adder.
You feel sick. The adder closely misses you.
You shoot an arrow. The arrow barely misses the adder.
You have got your breath back.
You die...

.7777~~~~.77P7#.#
..~.~.~~.~~~~...#
~~7P.~~7~7~7###
7777.~777777 .
77~77 ##. 7~~~7
#. ##.# 77~P7
#..#.S###7P.77
#!.@.>....#
#.....#######
#######


You could see an adder.

Vanquished Creatures
  An adder (D:2)
  A worm (D:1)
  A dart slug (D:1)
  3 ball pythons (D:1)
  4 endoplasms
  2 giant cockroaches (D:1)
  A goblin (D:1)
  2 jackals (D:1)
  3 bats (D:1)
  2 frilled lizards
  2 kobolds (D:1)
  A rat (D:1)
23 creatures vanquished.

Notes
Turn   | Place    | Note
-------+----------+-------------------------------------------
     0 | D:1      | qw the Naga Hunter began the quest for the Orb.
     0 | D:1      | Reached XP level 1. HP: 19/19 MP: 1/1
     0 | D:1      | 0 ||| qw: Version: 0.3-a-5-g6f28e65
     0 | D:1      | 0 ||| qw: Game counter: 526
     0 | D:1      | 0 ||| qw: Always use a shield: true
     0 | D:1      | 0 ||| qw: God list: Okawaru
     0 | D:1      | 0 ||| qw: Allow faded altars: false
     0 | D:1      | 0 ||| qw: Do Orc after D:15 true
     0 | D:1      | 0 ||| qw: Do second Lair branch before Depths: true
     0 | D:1      | 0 ||| qw: Lair rune preference: random
     0 | D:1      | 0 ||| qw: Plans: Normal
     0 | D:1      | 0 ||| PLANNING D:1-11
    34 | D:1      | Found Owkaoc's Book Shop.
    38 | D:1      | 38 ||| INVOKING Spit Poison.
    83 | D:1      | 83 ||| INVOKING Spit Poison.
   107 | D:1      | 107 ||| INVOKING Spit Poison.
   186 | D:1      | 186 ||| INVOKING Spit Poison.
   233 | D:1      | 233 ||| INVOKING Spit Poison.
   236 | D:1      | 236 ||| INVOKING Spit Poison.
   238 | D:1      | Reached skill level 4 in Ranged Weapons
   238 | D:1      | Reached XP level 2. HP: 26/26 MP: 2/2
   271 | D:1      | 271 ||| INVOKING Spit Poison.
   291 | D:1      | 291 ||| INVOKING Spit Poison.
   307 | D:1      | 307 ||| INVOKING Spit Poison.
   364 | D:1      | Found a faded altar of an unknown god.
   367 | D:1      | 367 ||| INVOKING Spit Poison.
   392 | D:1      | 392 ||| INVOKING Spit Poison.
   657 | D:1      | 657 ||| INVOKING Spit Poison.
   796 | D:1      | 796 ||| INVOKING Spit Poison.
   884 | D:1      | 884 ||| UPGRADING to +0 pair of gloves.
   889 | D:1      | 889 ||| READING 3 scrolls labelled CUSUTI QUATUV.
   890 | D:1      | 890 ||| READING scroll labelled WEWU LUDIOM.
   891 | D:1      | 891 ||| READING scroll labelled PUON VECETY.
   892 | D:1      | 892 ||| DROPPING 2 scrolls of poison.
   893 | D:1      | 893 ||| DROPPING scroll of butterflies.
   949 | D:2      | 949 ||| INVOKING Spit Poison.
   953 | D:2      | 953 ||| INVOKING Spit Poison.
   956 | D:2      | 956 ||| INVOKING Spit Poison.
   958 | D:2      | 958 ||| STAIRDANCE
   960 | D:1      | 960 ||| INVOKING Spit Poison.
   966 | D:1      | Reached XP level 3. HP: 10/32 MP: 3/3
  1064 | D:2      | 1064 ||| INVOKING Spit Poison.
  1151 | D:2      | 1151 ||| INVOKING Spit Poison.
  1155 | D:2      | 1155 ||| INVOKING Spit Poison.
  1161 | D:2      | 1161 ||| INVOKING Spit Poison.
  1163 | D:2      | HP: 7/32 [adder (4)]
  1164 | D:2      | 1164 ||| INVOKING Spit Poison.
  1165 | D:2      | 1165 ||| INVOKING Spit Poison.
  1165 | D:2      | HP: 3/32 [poisoned by an adder]
  1167 | D:2      | HP: 1/32 [poisoned by an adder]
  1168 | D:2      | Succumbed to an adder's poison

Levels and vault maps discovered:
D:1:      dpeg_arrival_refuge, layout_basic, serial_shops, shop_fountains,
          shapermc_ecumenical_altar_venn
D:2:      layout_loops_ring, serial_bayou_crossing, uniq_robin

Skill      XL: |  1 |
---------------+----+-----
Ranged Weapons | 4 |  4.6
Fighting       | |  2.0
Dodging        | |  1.5
Stealth        | |  1.5

Action                     || total
---------------------------++-------
   Fire: Shortbow          ||    58
Ability: Spit Poison       ||    22
    Use: Scroll            ||     3
 Armour: Leather armour    ||     8
  Dodge: Dodged            ||    16

Table legend:
 A = Non-vault XP
 B = Vault XP
 C = Vault XP percentage of total XP
 D = Non-vault monster count
 E = Vault monster count
 F = Vault count percentage of total count
                 A         B        C        D         E       F
            +---------+---------+-------+---------+---------+-------
      Total |      53 |       0 |   0.0 |      23 |       0 |   0.0
            +---------+---------+-------+---------+---------+-------
        D:1 |      37 |       0 |   0.0 |      20 |       0 |   0.0
        D:2 |      16 |       0 |   0.0 |       3 |       0 |   0.0
            +---------+---------+-------+---------+---------+-------
